 Dungeon Crawl Stone Soup version 0.31.0-12-g77e489cdc1 (webtiles) character file.

Game seed: 14072907910195042337

8101 spaghetti the Cleaver (level 11, -4/94 HPs)
             Began as a Naga Artificer on Feb 15, 2024.
             Was a Believer of Hepliaklqana.
             Slain by an orc knight
             ... wielding a +2 battleaxe of electrocution
              (13 damage)
             ... on level 2 of the Orcish Mines.
             The game lasted 00:15:27 (10891 turns).

spaghetti the Cleaver (Naga Artificer)             Turns: 10891, Time: 00:15:27

Health: -4/94      AC: 13    Str: 14    XL:     11   Next: 25%
Magic:  14/14      EV:  6    Int: 12    God:    Hepliaklqana [**....]
Gold:   1255       SH:  7    Dex: 12    Spells: 6/10 levels left

rFire   . . .        G - +0 war axe (freeze)
rCold   . . .        f - +0 kite shield
rNeg    + + +        e - +0 leather armour of Quhirum {Dex-4 Slay+6}
rPois   +            j - +2 helmet "Zaumats" {rN+++ Regen+}
rElec   .            C - scarf {shadows}
rCorr   .            (no gloves)
SInv    +            v - +0 barding
Will    ++...        c - amulet of the acrobat
Stlth   +++          n - ring of willpower
HPRegen 1.15/turn    (no ring)
MPRegen 0.14/turn

%: random rage (3%), acrobat
@: studying Axes, very slow
A: reduced essence, AC +3, large, see invisible, deformed body, poison
resistance, slowness 2, spit poison 1, naga tail 1, berserk 1, low MP 1, robust
1
a: Spit Poison, Renounce Religion, Recall Ancestor, Ancestor Identity


You were on level 2 of the Orcish Mines.
You worshipped Hepliaklqana.
Hepliaklqana was pleased with you.
You visited 3 branches of the dungeon, and saw 12 of its levels.

You collected 1255 gold pieces.

Inventory:

Hand Weapons
 a - a +0 club
 y - a +0 short sword of draining
 z - a +0 war axe
 G - a +0 war axe of freezing (weapon)
Missiles
 w - 39 poisoned darts
Armour
 b - a +0 leather armour
 e - the +0 leather armour of Quhirum (worn) {Dex-4 Slay+6}
   (You found it on level 8 of the Dungeon)

   Dex-4:     It affects your dexterity (-4).
   Slay+6:    It affects your accuracy & damage with ranged weapons and melee
   (+6).
 f - a +0 kite shield (worn)
 j - the +2 helmet "Zaumats" (worn) {rN+++ Regen+}
   (You found it on level 6 of the Dungeon)

   rN+++:     It renders you almost immune to negative energy.
   Regen+:    It increases your rate of health regeneration.
 v - a +0 barding (worn)
 C - a scarf of shadows (worn)
Jewellery
 c - an amulet of the acrobat (around neck)
 n - a ring of willpower (left hand)
 J - a ring of protection from fire
Wands
 d - a wand of charming (21)
 t - a wand of roots (30)
 A - a wand of flame (18)
Scrolls
 h - 3 scrolls of fog
 k - 3 scrolls of teleportation
 l - 4 scrolls of blinking
 o - a scroll of noise
 p - a scroll of revelation
 s - a scroll of torment
 x - 2 scrolls of immolation
 E - 2 scrolls of amnesia
 F - 2 scrolls of fear {unknown}
 H - a scroll of identify
Potions
 g - a potion of degeneration {unknown}
 i - a potion of magic
 m - a potion of brilliance
 q - 2 potions of enlightenment
 r - 3 potions of lignification {unknown}
 B - a potion of curing
 D - 2 potions of haste
 I - a potion of cancellation


   Skills:
 - Level 5.0 Fighting
 + Level 12.2 Axes
 - Level 4.4 Armour
 - Level 4.1 Dodging
 - Level 8.0 Stealth
 + Level 7.0 Necromancy
 + Level 6.8 Invocations
 - Level 5.9 Evocations


You had 6 spell levels left.
You knew the following spells:

 Your Spells              Type           Power      Damage    Failure   Level
a - Animate Dead          Necr           16%        N/A       65%         4

Your spell library contained the following spells:

 Spells                   Type           Power      Damage    Failure   Level
 Necrotise                Necr           64%        1d7       9%          1
 Vampiric Draining        Necr           16%        2d7       26%         3
 Sting                    Conj/Alch      0%         1d3       85%         1
 Lesser Beckoning         Tloc           0%         N/A       94%         2
 Mercury Vapours          Alch/Air       0%         N/A       94%         2
 Curse of Agony           Necr           16%        N/A       94%         5
 Martyr's Knell           Necr/Summ      8%         N/A       98%         4
 Gell's Gravitas          Tloc           0%         N/A       99%         3
 Teleport Other           Tloc           0%         N/A       99%         3
 Olgreb's Toxic Radiance  Alch           0%         N/A       100%        4
 Borgnjor's Vile Clutch   Necr/Erth      4%         N/A       100%        5
 Death Channel            Necr           8%         N/A       100%        6


Dungeon Overview and Level Annotations

Branches:
Dungeon (9/15)             Temple (1/1) D:6             Orc (2/2) D:9
    Elf (0/3) Orc:2
   Lair: D:8-11

Altars:
Ashenzari
Cheibriados
Dithmenos
Elyvilon
Fedhas
Gozag
Hepliaklqana
Kikubaaqudgha
Makhleb
Nemelex Xobeh
Okawaru
Qazlal
Ru
Sif Muna
Trog
Uskayaw
Vehumet
Wu Jian
Xom
Yredelemnul
Zin
The Shining One

Annotations:
D:5 1 runed translucent door, Crazy Yiuf
D:7 3 runed translucent doors, hawla's ghost, novice DrCj
Orc:2 3 runed translucent doors


Innate Abilities, Weirdness & Mutations

Your life essence is reduced to manifest your ancestor. (-10% HP)
Your serpentine skin is tough. (AC +3)
You have supernaturally acute eyesight. (SInv)
Armour fits poorly on your strangely shaped body.
Your system is resistant to poisons. (rPois)
You cover ground very slowly.
You can spit poison.
You have a snake-like lower body.
You sometimes lose your temper in combat.
Your magical capacity is low. (-10% MP)
You are robust. (+10% HP)


Message History

You slash the orc! You freeze the orc.
You kill the orc!
The orc warrior hits you from afar with a +0 glaive.
The orc knight hits you with a +2 battleaxe of electrocution!!
The orc knight closely misses Impisi.
Impisi hits the orc wizard with a +0 dagger of draining.
You are too injured to fight recklessly!
You are too injured to fight recklessly!
You are too injured to fight recklessly!
You are too injured to fight recklessly!
You are too injured to fight recklessly!
You are too injured to fight recklessly!
You are too injured to fight recklessly!
You are too injured to fight recklessly!
You are too injured to fight recklessly!
You are too injured to fight recklessly!
You are too injured to fight recklessly!
Unknown command.
Unknown command.
You hit the orc knight. You freeze the orc knight.
The orc knight is lightly wounded.
You hit the orc. You freeze the orc. The orc barely misses you.
The orc warrior hits you from afar with a +0 glaive.
The orc knight hits you with a +2 battleaxe of electrocution!!
The orc knight hits Impisi with a +2 battleaxe of electrocution.
Impisi points at the orc knight and mumbles some strange words.
The orc knight seems to slow down.
Unknown command.
Unknown command.
Unknown command.
As you read the scroll of summoning, it crumbles to dust.
Wisps of shadow whirl around you... You block the orc's attack.
The orc warrior hits you from afar with a +0 glaive!
* * * LOW HITPOINT WARNING * * *
The orc warrior hits Impisi with a +0 short sword.
Impisi hits the orc warrior but does no damage.
The orc knight hits you with a +2 battleaxe of electrocution!
* * * LOW HITPOINT WARNING * * *
You are electrocuted!
You die...

.......##.##
...........#
..........##
...........##
...#........#
###$......#
###O........#
#.h..oo....##
##@)C..o..##
.....ooRo....##
....o.oo..####
#........##
#........#
#.....#..#
#..... .##


You could see the friendly Impisi the hexer, an orc knight (slow, ally target),
2 orc warriors, an orc wizard (confused, slow, ally target), an orc, a friendly
orc knight (summoned), a friendly cyclops (summoned), a friendly warg
(summoned), a friendly orc warrior (summoned, wandering), a friendly ogre
(summoned) and 2 friendly orcs.

Vanquished Creatures
  Snorg (Orc:1)
  Erica (Orc:1)
  A kobold blastminer (Orc:1)
  Grinder (D:6)
  A troll (Orc:2)
  2 vampires (D:9)
  5 yaks (D:9)
  A warg (Orc:1)
  Grum (D:8)
  Eustachio (D:6)
  Edmund (D:5)
  A steam dragon (D:8)
  2 vampire mosquitoes (D:7)
  An acid dragon (D:9)
  4 orc warriors
  2 sky beasts
  A black bear (D:5)
  3 wolves (D:8)
  3 ogres
  3 kobold brigands
  2 bullfrogs
  4 scorpions
  3 wights (D:8)
  7 killer bees (D:9)
  3 howler monkeys (D:7)
  A bombardier beetle (D:5)
  A hound (D:5)
  7 orc priests
  A jelly (D:5)
  A sleepcap (D:7)
  3 iguanas
  7 orc wizards
  Ijyb (D:3)
  10 gnolls
  7 adders
  2 river rats (D:6)
  A shadow imp (D:6)
  3 white imps
  2 ufetubi (D:5)
  2 dart slugs
  4 ribbon worms
  39 orcs
  3 ball pythons
  6 endoplasms
  A giant cockroach (D:3)
  4 goblins
  6 hobgoblins
  4 quokkas
  8 bats
  A frilled lizard (D:1)
  2 frilled lizard zombies (D:4)
  11 kobolds
  10 rats
203 creatures vanquished.

Vanquished Creatures (collateral kills)
  An orc knight (Orc:2)
  A troll (Orc:1)
  A steam dragon (D:6)
  2 orc priests (Orc:1)
  2 orc wizards
  A gnoll (D:4)
  A dart slug (D:4)
  An orc (D:9)
  A goblin (D:4)
  3 kobolds
14 creatures vanquished.

Vanquished Creatures (others)
  A gnoll bouda (D:4)
  3 ancestors
  A gnoll (D:6)
5 creatures vanquished.

Grand Total: 222 creatures vanquished

Notes
Turn   | Place    | Note
-------+----------+-------------------------------------------
     0 | D:1      | spaghetti the Naga Artificer began the quest for the Orb.
     0 | D:1      | Reached XP level 1. HP: 18/18 MP: 1/1
   114 | D:1      | Reached skill level 1 in Dodging
   140 | D:1      | Reached XP level 2. HP: 25/25 MP: 2/2
   921 | D:2      | Reached XP level 3. HP: 23/31 MP: 3/3
  1755 | D:3      | Found a snail-covered altar of Cheibriados.
  1807 | D:3      | Reached XP level 4. HP: 39/39 MP: 4/4
  1817 | D:3      | Noticed Ijyb
  1826 | D:3      | Killed Ijyb
  2452 | D:4      | Reached XP level 5. HP: 16/45 MP: 5/5
  2969 | D:4      | Found an ancient bone altar of Kikubaaqudgha.
  3051 | D:4      | Reached XP level 6. HP: 34/55 MP: 6/6
  3673 | D:5      | Entered Level 5 of the Dungeon
  3805 | D:5      | Reached skill level 5 in Stealth
  3805 | D:5      | Reached XP level 7. HP: 59/62 MP: 7/7
  3931 | D:5      | Noticed Edmund
  3935 | D:5      | Gained mutation: You are robust. (+10% HP) [potion of
                  | mutation]
  3935 | D:5      | Gained mutation: You sometimes lose your temper in combat.
                  | [potion of mutation]
  3935 | D:5      | Gained mutation: Your magical capacity is low. (-10% MP)
                  | [potion of mutation]
  3951 | D:5      | Killed Edmund
  4330 | D:5      | HP: 1/68 [ogre/+0 giant club (23)]
  4798 | D:5      | Found a runed translucent door.
  4799 | D:5      | Noticed Crazy Yiuf
  5182 | D:6      | Reached XP level 8. HP: 79/79 MP: 7/7
  5333 | D:6      | Reached skill level 5 in Evocations
  5460 | D:6      | Identified a scroll of acquirement
  5664 | D:6      | Found a staircase to the Ecumenical Temple.
  5698 | D:6      | Noticed Eustachio
  5732 | D:6      | Killed Eustachio
  5922 | D:6      | Found a basalt altar of Yredelemnul.
  5949 | D:6      | Found an ornate altar of the Wu Jian Council.
  5997 | D:6      | Noticed Grinder
  6062 | D:6      | Killed Grinder
  6313 | D:6      | Identified the +2 helmet "Zaumats" {rN+++ Regen+}
  6542 | D:6      | Found a stormy altar of Qazlal.
  6549 | D:6      | Found an opulent altar of Gozag.
  6579 | D:6      | Reached XP level 9. HP: 51/88 MP: 8/8
  6848 | D:6      | Reached skill level 5 in Fighting
  7080 | Temple   | Entered the Ecumenical Temple
  7106 | Temple   | Became a worshipper of Hepliaklqana the Forgotten
  7248 | D:7      | Acquired a manual of Axes
  7559 | D:7      | Reached skill level 1 in Axes
  7574 | D:7      | Found a runed translucent gate.
  7574 | D:7      | Found a runed translucent gate.
  7574 | D:7      | Found a runed translucent gate.
  7722 | D:7      | Reached skill level 3 in Axes
  7738 | D:7      | Reached skill level 4 in Axes
  7836 | D:7      | Reached skill level 5 in Axes
  7956 | D:7      | Reached skill level 6 in Axes
  7971 | D:7      | Found a shimmering blue altar of Sif Muna.
  8047 | D:7      | Learned a level 4 spell: Animate Dead
  8301 | D:7      | Noticed a spectral unseen horror
  8304 | D:7      | Noticed hawla's ghost (novice DrCj)
  8304 | D:7      | Noticed a spectral unseen horror
  8493 | D:8      | Reached * piety under Hepliaklqana
  8496 | D:8      | Reached skill level 7 in Axes
  8560 | D:8      | Identified the +0 leather armour of Quhirum {Dex-4 Slay+6}
  8577 | D:8      | Found a shimmering altar of Xom.
  8690 | D:8      | Noticed Grum
  8692 | D:8      | Reached skill level 1 in Necromancy
  8708 | D:8      | HP: 2/81 [Grum/+0 spear (14)]
  8711 | D:8      | Killed Grum
  8712 | D:8      | Reached skill level 8 in Axes
  8829 | D:8      | Reached skill level 1 in Invocations
  8933 | D:8      | Found a sacrificial altar of Ru.
  9027 | D:8      | Reached XP level 10. HP: 88/88 MP: 10/10
  9298 | D:9      | Reached skill level 9 in Axes
  9413 | D:9      | Found the +13 scythe of Curses {drain, curses, ^Drain}
  9416 | D:9      | Found a blossoming altar of Fedhas.
  9460 | D:9      | Reached skill level 10 in Axes
  9467 | D:9      | Reached skill level 5 in Necromancy
  9516 | D:9      | Found a bloodstained altar of Trog.
  9555 | D:9      | Found a staircase to the Orcish Mines.
  9900 | D:9      | Reached ** piety under Hepliaklqana
  9901 | D:9      | Remembered your ancestor Impisi as a hexer
  9956 | Orc:1    | Entered Level 1 of the Orcish Mines
  9956 | Orc:1    | Noticed Snorg
  9969 | Orc:1    | Reached skill level 5 in Invocations
  9992 | Orc:1    | Killed Snorg
  9993 | Orc:1    | Reached skill level 11 in Axes
 10003 | Orc:1    | Noticed Erica
 10015 | Orc:1    | Killed Erica
 10016 | Orc:1    | Reached XP level 11. HP: 13/94 MP: 12/14
 10585 | Orc:2    | Entered Level 2 of the Orcish Mines
 10723 | Orc:2    | Noticed an orc knight
 10726 | Orc:2    | Reached skill level 12 in Axes
 10726 | Orc:2    | Found a staircase to the Elven Halls.
 10737 | Orc:2    | Killed an orc knight
 10783 | Orc:2    | Found a runed translucent gate.
 10783 | Orc:2    | Found a runed translucent gate.
 10783 | Orc:2    | Found a runed translucent gate.
 10884 | Orc:2    | Noticed an orc knight
 10891 | Orc:2    | Slain by an orc knight

Illustrated notes

Levels and vault maps discovered:
D:1:      evilmike_arrival_crescent, layout_rooms
D:2:      layout_basic
D:3:      layout_loops_cross, cheibriados_altar_1, minmay_distorted, uniq_ijyb
D:4:      layout_layer_cave, lemuel_zombie_altar_kikubaaqudgha,
          dk_noncrumbling_3
D:5:      layout_basic, interstate_on_off, chequers_avenue,
          minmay_misc_feat_diagonals, uniq_edmund, uniq_crazy_yiuf_cottage
D:6:      layout_gridville, yredelemnul_altar_generic, general_overflow_altar,
          mainiacjoe_overflow_catwalk_spiral, minmay_temple_entry_glass,
          lightli_sewer_entry_pipes, uniq_eustachio, uniq_grinder
D:7:      layout_loops_corners, led_sif_pool, gammafunk_ghost_necromancy
D:8:      layout_loops_ring, kennysheep_mini, old_standard_altar, uniq_grum
D:9:      layout_basic, trog_three_pillars_becter, fedhas_ov_isle_minmay,
          orc_0_dummy
Temple:   bh_familiar_temple
Orc:1:    layout_diamond_mine, nicolae_orc_hostile_takeover,
          nicolae_orc_pool_cavern, uniq_erica, uniq_snorg
Orc:2:    st_orc_mages, layout_diamond_mine, basic_altar,
          ebering_ghost_rock_garden, nicolae_orc_beogh_chapel,
          nicolae_orc_rockfall

Skill      XL: |  1  2  3  4  5  6  7  8  9 10 11 |
---------------+----------------------------------+-----
Dodging        | 1 2 3 4 |  4.1
Stealth        | 2 3 4 5 6 7 8 |  8.0
Armour         | 2 3 4 |  4.4
Fighting       | 2 3 4 5 |  5.0
Evocations     | 4 5 |  5.9
Axes           | 8 11 12 | 12.2
Necromancy     | 3 6 7 |  7.0
Invocations    | 2 6 |  6.8

Action                     |  1- 3 |  4- 6 |  7- 9 | 10-12 || total
---------------------------+-------+-------+-------+-------++-------
  Melee: Club              |    67 |       |       |       ||    67
         Short sword       |     8 |   125 |   309 |       ||   442
         War axe           |       |       |   114 |   116 ||   230
  Throw: Dart              |     5 |       |       |       ||     5
 Invoke: Ancestor Life: He |       |       |       |     1 ||     1
Ability: Spit Poison       |     9 |    22 |    56 |    19 ||   106
  Evoke: Wand              |    15 |     2 |    17 |     3 ||    37
    Use: Scroll            |       |    10 |     4 |     2 ||    16
         Potion            |       |       |    10 |     1 ||    11
   Stab: Distracted        |       |       |       |     3 ||     3
 Armour: Leather armour    |    34 |    72 |   395 |   145 ||   646
  Dodge: Dodged            |    40 |    56 |   215 |    56 ||   367
  Block: Kite shield       |    31 |    43 |   218 |    57 ||   349
